 Dungeon Crawl Stone Soup version 0.29-a0-319-gad05b8d819 (console) character file.

Game seed: 4386958576875259033

424 Mandevil the Cudgeller (level 6, -2/61 HPs)
             Began as a Mayflytaur Berserker on Apr 1, 2022.
             Was a Believer of Trog.
             Engulfed by a steam dragon's steam (3 damage)
             ... on level 6 of the Dungeon.
             The game lasted 00:06:47 (2916 turns).

Mandevil the Cudgeller (Mayflytaur Berserker)       Turns: 2916, Time: 00:06:48

Health: -2/61      AC:  5    Str: 20    XL:     6   Next: 96%
Magic:  7/7        EV: 12    Int:  9    God:    Trog [**....]
Gold:   98         SH:  0    Dex: 14    Spells: 5/5 levels left

rFire   . . .      SeeInvis .   a - +0 mace
rCold   . . .      Faith    .   (no shield)
rNeg    . . .      Spirit   .   i - +0 ring mail
rPois   .          Reflect  .   (no helmet)
rElec   .          Harm     .   (no cloak)
rCorr   .          Rampage  .   (no gloves)
Will    .....                   (no boots)
Stlth   +.........              (no amulet)
HPRegen 0.20/turn               (no ring)
MPRegen 0.20/turn               (no ring)

@: flying, bezotted
A: damage resistance, big wings, sense surroundings 1, magic regeneration, short
lifespan
a: Renounce Religion, Berserk, Trog's Hand


You were on level 6 of the Dungeon.
You worshipped Trog.
Trog was pleased with you.
You visited 1 branch of the dungeon, and saw 6 of its levels.

You collected 140 gold pieces.
You spent 42 gold pieces at shops.

Inventory:

Hand Weapons
 a - a +0 mace (weapon)
Armour
 i - a +0 ring mail (worn)
Scrolls
 e - 3 scrolls of fog
 f - a scroll of enchant armour
 g - a scroll of immolation {unknown}
 l - a scroll of magic mapping
 m - 2 scrolls of noise {unknown}
Potions
 b - 2 potions of brilliance
 c - 3 potions of haste {unknown}
 d - 8 potions of curing
 h - a potion of attraction {unknown}
 j - a potion of flight {unknown}
 k - 2 potions of heal wounds


   Skills:
 + Level 5.0 Fighting
 + Level 6.0 Maces & Flails
 + Level 4.3 Armour
 + Level 4.3 Dodging


You had 5 spell levels left.
You didn't know any spells.
Your spell library was empty.

Dungeon Overview and Level Annotations

Branches:
Dungeon (6/15)
 Temple: D:4-7

Altars:
Sif Muna

Shops:
D:3 *   D:4 (   D:5 *


Innate Abilities, Weirdness & Mutations

You are resistant to damage.
Your large and strong wings let you fly.
You passively map a small area around you.
You regenerate magic rapidly.
You are easily found by Zot.


Message History

The steam dragon is severely wounded.
The steam dragon breathes steam at you. The ball of steam hits you!!
The shadow imp barely misses you.
You are too injured to fight recklessly!
You are too injured to fight recklessly!
You are too injured to fight recklessly!
You are too injured to fight recklessly!
Unknown command.
You barely miss the steam dragon.
The steam dragon is severely wounded.
The steam dragon bites you. The steam dragon barely misses you.
The shadow imp is engulfed in a cloud of scalding steam.
The shadow imp gestures at you.
You struggle to resist.
Unknown command.
You hit the steam dragon.
You punch the steam dragon, but do no damage.
The steam dragon is almost dead.
The steam dragon bites you but does no damage.
The steam dragon misses you.
The shadow imp is engulfed in a cloud of scalding steam.
The shadow imp dies!
You hit the steam dragon.
The steam dragon is almost dead.
The steam dragon bites you but does no damage.
The steam dragon barely misses you. The steam dragon breathes steam at you.
The ball of steam hits you!
* * * LOW HITPOINT WARNING * * *
You barely miss the steam dragon.
The steam dragon is almost dead.
You are engulfed in a cloud of scalding steam.
The steam dragon bites you!
* * * LOW HITPOINT WARNING * * *
The steam dragon claws you but does no damage.
Unknown command.
You closely miss the steam dragon.
The steam dragon is almost dead.
You are engulfed in a cloud of scalding steam.
You die...

, , .......... , # ,
#!.......#*..#
#.......# ..#... ,,
##.......##...... * ,,
, #................. ,
...........##$....# ,
......D............. *
*#.....b#...........
#.....0.0..........
##....0#0.......... *
#................., *
#....##..0........ .. *
,*
..................#...
...................#..
* ....................#
# ,
.............##....##..


You could see a steam dragon (catching breath).

Vanquished Creatures
  A phantom (D:5)
  A bullfrog (D:4)
  A scorpion (D:4)
  A hound (D:6)
  A jelly (D:6)
  An iguana (D:4)
  Natasha (D:4)
  5 adders
  A white imp (D:5)
  A worm (D:4)
  6 orcs
  6 ball pythons
  5 bats
  3 endoplasms
  2 giant cockroaches (D:3)
  6 hobgoblins
  5 jackals
  3 quokkas
  8 goblins
  6 rats
64 creatures vanquished.

Vanquished Creatures (others)
  A shadow imp (D:6)
1 creature vanquished.

Grand Total: 65 creatures vanquished

Notes
Turn   | Place    | Note
-------+----------+-------------------------------------------
     0 | D:1      | Mandevil the Mayflytaur Berserker began the quest for the
                  | Orb.
     0 | D:1      | Reached XP level 1. HP: 21/21 MP: 2/2
    22 | D:1      | You are sucked into a shaft and drop 1 floor!
   194 | D:2      | Glimpsed the power of Zot.
   211 | D:2      | Reached XP level 2. HP: 23/28 MP: 3/3
   394 | D:3      | Reached XP level 3. HP: 34/34 MP: 4/4
   769 | D:3      | Found a faded altar of an unknown god.
   781 | D:3      | Glimpsed the power of Zot.
  1036 | D:3      | Found Duusere's Assorted Antiques.
  1044 | D:3      | Bought a scroll labelled BOPOYCWOVE for 24 gold pieces
  1059 | D:3      | Reached XP level 4. HP: 44/44 MP: 5/5
  1158 | D:2      | Reached ** piety under Trog
  1274 | D:1      | Glimpsed the power of Zot.
  1543 | D:4      | Found Curaw's Antique Weapon Boutique.
  1554 | D:4      | Noticed a scorpion
  1563 | D:4      | Killed a scorpion
  1564 | D:4      | Reached skill level 5 in Maces & Flails
  1564 | D:4      | Reached XP level 5. HP: 26/50 MP: 6/6
  1844 | D:4      | Gained mutation: You regenerate magic rapidly. [Mayflytaur
                  | growth]
  1844 | D:4      | Reached XP level 6. HP: 55/58 MP: 7/7
  1866 | D:4      | Glimpsed the power of Zot.
  1930 | D:4      | Noticed Natasha
  1933 | D:4      | Killed Natasha
  2229 | D:4      | Found a shimmering blue altar of Sif Muna.
  2260 | D:5      | Entered Level 5 of the Dungeon
  2417 | D:5      | Found Mennewnuesk's Assorted Antiques.
  2420 | D:5      | Bought a scroll labelled FAAMAE YPTASK for 18 gold pieces
  2461 | D:5      | Glimpsed the power of Zot.
  2791 | D:6      | Reached skill level 6 in Maces & Flails
  2806 | D:6      | Reached skill level 5 in Fighting
  2903 | D:6      | Noticed a steam dragon
  2915 | D:6      | HP: 1/61 [steam dragon (8)]
  2916 | D:6      | Engulfed by a steam dragon's steam

Illustrated notes

Levels and vault maps discovered:
D:1:      dpeg_arrival_simpleton_c, layout_basic
D:2:      minmay_wonky_spiral, layout_basic, basic_altar
D:3:      layout_basic, serial_shops, nicolae_lakefront_shop,
          hellmonk_ecumenical_altar_inner_sanctum, grunt_ministairs_12
D:4:      layout_loops_ring, nicolae_sif_muna_little_library, serial_shops,
          shop, minmay_misc_feat_plants, uniq_natasha
D:5:      layout_basic, serial_shops, nicolae_shop_behind_doors,
          skrybe_limestone_x
D:6:      layout_cave_pools

Skill      XL: |  1  2  3  4  5  6 |
---------------+-------------------+-----
Armour         | 3 4 |  4.3
Dodging        | 3 4 |  4.3
Fighting       | 4 5 |  5.0
Maces & Flails | 5 6 |  6.0

Action                   |  1- 3 |  4- 6 || total
-------------------------+-------+-------++-------
Melee: Mace              |   107 |   150 ||   257
       Punch             |       |     2 ||     2
  Use: Scroll            |     4 |     6 ||    10
 Stab: Sleeping          |     2 |       ||     2
Armor: Animal skin       |    20 |       ||    20
       Ring mail         |       |    44 ||    44
Dodge: Dodged            |    75 |    96 ||   171

Table legend: (Time is in decaauts)
 A = Elapsed time spent in this place.
 B = Non-inter-level travel time spent in this place.
 C = Inter-level travel time spent in this place.
 D = Time resting spent in this place.
 E = Time spent auto-exploring this place.
 F = Levels seen in this place.
 G = Mean time per level.
                   A        B        C        D        E       F      G
               +--------+--------+--------+--------+--------+-----+--------+
         Total |   2958 |   2832 |    126 |    115 |   1556 |   6 |  493.0 |
       Dungeon |   2958 |   2832 |    126 |    115 |   1556 |   6 |  493.0 |
               +--------+--------+--------+--------+--------+-----+--------+

Top non-repeatable levels by time:
     D:3: 895 daAuts
     D:4: 773 daAuts
     D:5: 520 daAuts
     D:2: 507 daAuts
     D:6: 140 daAuts
     D:1: 121 daAuts
